 Dungeon Crawl Stone Soup version 0.27-a0-1149-g4505690ab0 (webtiles) character file.

Game seed: 2529862779708856765

6 chippings the Magician (level 1, -2/14 HPs)
             Began as a Mummy Wanderer on May 13, 2021.
             Slain by a kobold
             ... wielding a +0 whip
              (3 damage)
             ... on level 1 of the Dungeon.
             The game lasted 00:01:08 (355 turns).

chippings the Magician (Mummy Wanderer)              Turns: 355, Time: 00:01:09

Health: -2/14      AC:  3    Str: 15    XL:     1   Next: 75%
Magic:  5/5        EV:  8    Int:  9    God:
Gold:   0          SH:  7    Dex: 13    Spells: 8/8 levels left

rFire    x . .     SeeInvis .     - Unarmed
rCold    + . .     Faith    .   c - +0 kite shield
rNeg     + + +     Spirit   .   e - +0 leather armour
rPois    ∞         Reflect  .   (no helmet)
rElec    .         Harm     .   (no cloak)
rCorr    .         Rampage  .   (no gloves)
Will     .....                  (no boots)
Stlth    ++........             (no amulet)
HPRegen  0.04/turn              (no ring)
MPRegen  0.09/turn              (no ring)

@: no status effects
A: cold resistance 1, negative energy resistance 3, torment resistance 2, heat
vulnerability 1, no potions
a: no special abilities


You were on level 1 of the Dungeon.
You visited 1 branch of the dungeon, and saw 1 of its levels.

Inventory:

Missiles
 b - 2 throwing nets (quivered)
Armour
 c - a +0 kite shield (worn)
 e - a +0 leather armour (worn)
Scrolls
 a - a scroll of brand weapon {unknown}
 d - a scroll of enchant weapon {unknown}


   Skills:
 + Level 0.5 Fighting
 - Level 1.0 Dodging
 - Level 1.5 Stealth
 + Level 0.1 Shields
 * Level 1.4 Unarmed Combat
 - Level 4.0 Spellcasting
 - Level 1.5 Translocations
 - Level 1.0 Evocations


You had 8 spell levels left.
You didn't know any spells.
Your spell library contained the following spells:

 Spells                   Type           Power      Damage    Failure   Level
 Freeze                   Ice            4%         1d3       93%         1
 Shock                    Conj/Air       4%         1d3       93%         1
 Dazzling Flash           Conj/Hex       2%         N/A       100%        3
 Ozocubu's Armour         Ice            1%         N/A       100%        3


Dungeon Overview and Level Annotations

Branches:
Dungeon (1/15)

Altars:


Innate Abilities, Weirdness & Mutations

You are immune to poison.
Your flesh is cold resistant. (rC+)
You are immune to negative energy. (rN+++)
You are immune to unholy pain and torment.
You are vulnerable to heat. (rF-)
You do not drink.


Message History

You miss the bat.
The bat is moderately wounded.
The bat hits you but does no damage.
You hit the bat but do no damage. The bat hits you. You block the bat's attack.
You hit the bat.
The bat is severely wounded.
The bat hits you but does no damage. The bat barely misses you.
You miss the bat.
The bat is severely wounded.
The bat closely misses you. The bat hits you but does no damage.
You barely miss the bat.
The bat is severely wounded.
The bat hits you but does no damage. x2
You miss the bat.
The bat is severely wounded.
The bat hits you. The bat completely misses you. The bat hits you.
You hit the bat.
You kill the bat!
The frilled lizard barely misses you.
You miss the frilled lizard. The frilled lizard bites you.
You barely miss the frilled lizard. The frilled lizard bites you.
You miss the frilled lizard. You block the frilled lizard's attack.
You miss the frilled lizard. The frilled lizard bites you.
* * * LOW HITPOINT WARNING * * *
The frilled lizard completely misses you.
You hit the frilled lizard but do no damage.
The frilled lizard bites you but does no damage.
You closely miss the frilled lizard. The frilled lizard bites you.
* * * LOW HITPOINT WARNING * * *
You closely miss the frilled lizard.
You block the frilled lizard's attack. x2
You barely miss the frilled lizard.
The frilled lizard bites you but does no damage.
You closely miss the frilled lizard. You block the frilled lizard's attack.
You hit the frilled lizard.
You kill the frilled lizard!
The kobold throws a stone.
The stone hits you.
* * * LOW HITPOINT WARNING * * *
The kobold closely misses you.
You closely miss the kobold. The kobold hits you with a +0 whip.
You die...

.♣.
#.#.##########
#.#.# #.#.#
#.#.######
#.#......#
#.######.# #.#
# #.# .. #@# #
#. #K# ..
#.######w##
...#.........#
.............#
.....w..l....#
.......K.....#
.............#
....>#########


You could see a dart slug and a kobold.

Vanquished Creatures
  A giant cockroach (D:1)
  A goblin (D:1)
  2 bats (D:1)
  A frilled lizard (D:1)
  A rat (D:1)
6 creatures vanquished.

Notes
Turn   | Place    | Note
-------+----------+-------------------------------------------
     0 | D:1      | chippings the Mummy Wanderer began the quest for the Orb.
     0 | D:1      | chippings set off with the following items: a +0 club, 2
                  | throwing nets, a +0 leather armour, a +0 dagger; and the
                  | following spells available to memorise: Freeze, Shock,
                  | Dazzling Flash, Ozocubu's Armour
     0 | D:1      | Reached XP level 1. HP: 13/13 MP: 5/5
   355 | D:1      | Slain by a kobold

Illustrated notes

Levels and vault maps discovered:
D:1:      minmay_arrival_floating_metal, layout_basic, serial_shops, shop,
          serial_forest, infiniplex_forest_clump_cross,
          infiniplex_forest_lined_4_way, infiniplex_forest_lined_ring,
          infiniplex_forest_clump_long, infiniplex_forest_end_3,
          infiniplex_forest_lined_ring, infiniplex_forest_clump_cross

Action                   || total
-------------------------++-------
Melee: Unarmed           ||    50
Armor: Leather armour    ||    25
Dodge: Dodged            ||    29
Block: Kite shield       ||    10

Table legend: (Time is in decaauts)
 A = Elapsed time spent in this place.
 B = Non-inter-level travel time spent in this place.
 C = Inter-level travel time spent in this place.
 D = Time resting spent in this place.
 E = Time spent auto-exploring this place.
 F = Levels seen in this place.
 G = Mean time per level.
                   A        B        C        D        E       F      G
               +--------+--------+--------+--------+--------+-----+--------+
         Total |    360 |    360 |      0 |      0 |    224 |   1 |  360.0 |
       Dungeon |    360 |    360 |      0 |      0 |    224 |   1 |  360.0 |
               +--------+--------+--------+--------+--------+-----+--------+

Top non-repeatable levels by time:
     D:1: 360 daAuts
